 Dungeon Crawl Stone Soup version 0.30-a0-778-g2ef04afb54 (webtiles) character file.

Game seed: 1348240092707772816

791 Smoke131 the Thrower (level 7, -6/67 HPs)
             Began as an Ogre Gladiator on Feb 16, 2023.
             Splashed by a jelly's acid (9 damage)
             ... on level 5 of the Dungeon.
             The game lasted 00:12:42 (5954 turns).

Smoke131 the Thrower (Ogre Gladiator)               Turns: 5954, Time: 00:12:43

Health: -6/67      AC:  0    Str: 19    XL:     7   Next: 88%
Magic:  7/7        EV: 10    Int:  9    God:
Gold:   235        SH:  0    Dex: 12    Spells: 6/6 levels left

rFire   . . .      SeeInvis .    A - +2 hand axe (flame)
rCold   . . .      Faith    .    (no shield)
rNeg    . . .      Spirit   .    b - +0 robe
rPois   +          Reflect  .    c - +0 hat
rElec   .          Harm     .    s - +0 cloak
rCorr   .          Rampage  .    (gloves unavailable)
Will    .....                    (boots unavailable)
Stlth   +                        x - amulet of the acrobat
HPRegen 0.31/turn                u - ring of poison resistance
MPRegen 0.10/turn                (no ring)

@: about to teleport, corroded
A: large, unfitting armour, tough skin 1
a: no special abilities


You were on level 5 of the Dungeon.
You visited 1 branch of the dungeon, and saw 5 of its levels.

You collected 235 gold pieces.

Inventory:

Hand Weapons
 a - a +0 war axe
 A - a +2 hand axe of flaming (weapon)
Missiles
 d - 4 throwing nets
 e - a large rock
 h - 12 poisoned darts (quivered)
 j - 76 stones
 k - 3 curare-tipped darts
Armour
 b - a +0 robe (worn)
 c - a +0 hat (worn)
 i - a +0 tower shield
 s - a +0 cloak (worn)
Jewellery
 u - a ring of poison resistance (left hand)
 x - an amulet of the acrobat (around neck)
 z - a ring of magical power
 E - a ring of fire
Scrolls
 g - 3 scrolls of immolation
 l - 4 scrolls of identify
 m - a scroll of magic mapping {unknown}
 n - 2 scrolls of amnesia {unknown}
 o - a scroll of fear {unknown}
 t - a scroll of enchant weapon {unknown}
 w - a scroll of summoning {unknown}
 y - 2 scrolls of vulnerability {unknown}
Potions
 p - a potion of mutation
 r - 2 potions of lignification
 v - a potion of haste
 B - a potion of curing
 C - a potion of flight
 D - a potion of might {unknown}


   Skills:
 - Level 3.0 Fighting
 - Level 3.0 Axes
 + Level 8.6 Throwing
 - Level 3.0 Dodging


You had 6 spell levels left.
You didn't know any spells.
Your spell library contained the following spells:

 Spells                   Type           Power      Damage    Failure   Level
 Kiss of Death            Conj/Necr      0%         2d5       38%         1
 Sublimation of Blood     Necr           0%         N/A       52%         2
 Wereblood                Tmut           0%         N/A       52%         2
 Confusing Touch          Hex            0%         N/A       77%         3
 Dispel Undead            Necr           0%         3d6       99%         4
 Passage of Golubria      Tloc           0%         N/A       99%         4
 Silence                  Hex/Air        0%         N/A       100%        5
 Summon Hydra             Summ           0%         N/A       100%        7
 Lehudib's Crystal Spear  Conj/Erth      0%         10d2      100%        8


Dungeon Overview and Level Annotations

Branches:
Dungeon (5/15)
 Temple: D:4-7

Altars:
Nemelex Xobeh
Qazlal
Ru
Trog
Xom


Innate Abilities, Weirdness & Mutations

You are too large for most types of armour.
You have tough skin. (AC +1)


Message History

The jackal barks!
You hit the iguana but do no damage. You punch the iguana, but do no damage.
The iguana closely misses you.
You barely miss the iguana. You hit the jackal but do no damage.
The jackal bites you. The iguana barely misses you.
The jackal bites you but does no damage.
The iguana bites you.
You slash the iguana! You burn the iguana.
The iguana is heavily wounded.
You hit the jackal but do no damage. The jackal barely misses you.
The iguana bites you! The jackal closely misses you.
You hit the iguana but do no damage.
The iguana is heavily wounded.
You hit the jackal. You burn the jackal. The jackal closely misses you.
The iguana bites you!
You closely miss the iguana.
The iguana is heavily wounded.
You hit the jackal but do no damage. The jackal barely misses you.
The iguana bites you. The jackal closely misses you.
You completely miss the iguana.
The iguana is heavily wounded.
You slash the jelly! You burn the jelly.
Your hands burn!
You hit the jackal. You burn the jackal.
You kill the jackal!
The jelly hits you.
You are splashed with acid!
* * * LOW HITPOINT WARNING * * *
The iguana hisses menacingly.
The iguana bites you!
* * * LOW HITPOINT WARNING * * *
You feel much better. The jelly hits you. The acid corrodes you!
You are splashed with acid!
* * * LOW HITPOINT WARNING * * *
The iguana bites you!
* * * LOW HITPOINT WARNING * * *
As you read the scroll labelled FOUFADIUFI, it crumbles to dust.
You feel strangely unstable.
It was a scroll of teleportation.
The jelly hits you.
* * * LOW HITPOINT WARNING * * *
You are splashed with acid!
You die...

#.# #..##†# #.# ##.##.#
#.###### #.##.### #......#
#.#..... ######.#.##
#.#..##. #... O..
....####.###.#...#.
#.S...#.....#...$.#
##.##.#.#.#)
#..#..#..#..#..#l.#
##.#.#.....
#..#..#..#..#..#@.#
##.##.###.##
...#.....#.....#Jo####.....#
#.#
...#.....#.....#..#.#.######
#.# ################..##.##
#.# ..................##.###
#.# ..................##...#
##.##
################..####.#
##.#.# #....?#.oJ..#..#
#.#####.###.
#.....#.....#†.# #.#....##
##


You could see an iguana, a jelly and an orc.

Vanquished Creatures
  A black bear (D:5)
  A necrophage (D:4)
  2 scorpions
  2 orc priests
  2 hounds
  Crazy Yiuf (D:2)
  An iguana (D:5)
  2 orc wizards
  Natasha (thrice) (D:2)
  3 gnolls (D:2)
  7 adders
  An ufetubus (D:5)
  3 worms
  4 dart slugs
  15 orcs
  6 bats
  3 endoplasms
  2 giant cockroaches
  11 goblins
  6 hobgoblins
  3 jackals
  13 kobolds
  4 quokkas
  5 ball pythons
  2 frilled lizards
  A rat (D:1)
104 creatures vanquished.

Vanquished Creatures (others)
  4 fungi (D:2)
4 creatures vanquished.

Grand Total: 108 creatures vanquished

Notes
Turn   | Place    | Note
-------+----------+-------------------------------------------
     0 | D:1      | Smoke131 the Ogre Gladiator began the quest for the Orb.
     0 | D:1      | Reached XP level 1. HP: 22/22 MP: 1/1
   203 | D:1      | Reached XP level 2. HP: 23/31 MP: 2/2
   685 | D:1      | Reached XP level 3. HP: 37/37 MP: 3/3
   690 | D:1      | Reached skill level 3 in Throwing
  1419 | D:2      | Reached XP level 4. HP: 27/45 MP: 4/4
  1535 | D:2      | Reached skill level 4 in Throwing
  1581 | D:2      | Noticed Natasha
  1589 | D:2      | Killed Natasha
  1658 | D:2      | Noticed Natasha
  1665 | D:2      | Killed Natasha
  1666 | D:2      | Reached XP level 5. HP: 35/53 MP: 5/5
  1891 | D:2      | Reached skill level 5 in Throwing
  2153 | D:2      | Found a runed translucent door.
  2154 | D:2      | Noticed Crazy Yiuf
  2181 | D:2      | Killed Crazy Yiuf
  2690 | D:2      | Noticed Natasha
  2704 | D:2      | Killed Natasha
  2918 | D:3      | Found a shimmering altar of Xom.
  3301 | D:3      | Found a bloodstained altar of Trog.
  3318 | D:3      | Reached XP level 6. HP: 61/61 MP: 6/6
  3500 | D:3      | Found a sacrificial altar of Ru.
  3588 | D:3      | Found a sparkling altar of Nemelex Xobeh.
  3992 | D:3      | Reached skill level 6 in Throwing
  4557 | D:4      | Reached skill level 7 in Throwing
  4639 | D:4      | Found a stormy altar of Qazlal.
  4746 | D:4      | Reached XP level 7. HP: 51/67 MP: 7/7
  5266 | D:5      | Entered Level 5 of the Dungeon
  5535 | D:5      | Reached skill level 8 in Throwing
  5954 | D:5      | HP: 3/67 [jelly (3)]
  5954 | D:5      | Splashed by a jelly's acid

Illustrated notes

Levels and vault maps discovered:
D:1:      wander_arrival_estate, layout_loops_corners, nrook_loot_triangle
D:2:      layout_loops_ring, chequers_decorated_corner, uniq_crazy_yiuf_cottage,
          uniq_natasha
D:3:      layout_basic, xom_teletrap_fun, nicolae_ru_path_of_blood,
          nemelex_dance_club_becter, trog_hazing_becter
D:4:      layout_loops_corners, grunt_qazlal_clouds
D:5:      kennysheep_windowed_halls, layout_loops_ring, moated_statue

Skill      XL: |  1  2  3  4  5  6  7 |
---------------+----------------------+-----
Fighting       | 3 |  3.0
Dodging        | 3 |  3.0
Throwing       | 3 4 5 7 8 |  8.6
Axes           | |  3.0

Action                     |  1- 3 |  4- 6 |  7- 9 || total
---------------------------+-------+-------+-------++-------
  Melee: War axe           |   108 |   118 |       ||   226
         Punch             |     1 |     1 |     3 ||     5
         Hand axe          |       |    23 |    67 ||    90
  Throw: Dart              |     2 |    43 |     7 ||    52
         Throwing net      |       |     1 |       ||     1
         Large rock        |       |     1 |       ||     1
    Use: Scroll            |       |       |     7 ||     7
         Potion            |       |       |     1 ||     1
   Stab: Held in net/web   |       |     1 |       ||     1
         Sleeping          |       |     1 |       ||     1
 Armour: Robe              |    53 |    52 |    23 ||   128
  Dodge: Dodged            |    97 |    84 |    52 ||   233

Table legend: (Time is in decaauts)
 A = Elapsed time spent in this place.
 B = Non-inter-level travel time spent in this place.
 C = Inter-level travel time spent in this place.
 D = Time resting spent in this place.
 E = Time spent auto-exploring this place.
 F = Levels seen in this place.
 G = Mean time per level.
                   A        B        C        D        E       F      G
               +--------+--------+--------+--------+--------+-----+--------+
         Total |   6048 |   5860 |    188 |   1094 |   3358 |   5 | 1209.6 |
       Dungeon |   6048 |   5860 |    188 |   1094 |   3358 |   5 | 1209.6 |
               +--------+--------+--------+--------+--------+-----+--------+

Top non-repeatable levels by time:
     D:2: 1861 daAuts
     D:3: 1306 daAuts
     D:4: 1215 daAuts
     D:1: 972 daAuts
     D:5: 693 daAuts
